AoeStats
← ME_DEPRIME_JUGAR_CON_USTEDES

African Clearing

505992715Analyzed
4v4 RM · 20d ago on Sep 11, 2026· 33m 22s· 8 players
Game mode
Random Map
Map size
Large (8 player)
Population
200
Speed
Normal
Resources
Standard
Victory
Conquest
Starting age
Dark Age
Ending age
Imperial Age
RankedLock teamsTeams togetherTeam positionsShared explorationLock speedFull tech treeHidden civsTurbo modeCheats
Victory
Defeat
🇨🇴 Huns · Colombia
1610
+13
🇺🇸 Japanese · United States
1597
+13
🇺🇸 Mongols · United States
1584
+14
🇺🇸 Lithuanians · United States
1569
+14
🇲🇽 Khitans · Mexico
1576
-15
🇦🇷 Maya · Argentina
1574
-15
🇲🇽 Huns · Mexico
1507
-12
🇨🇦 Japanese · Canada
1490
-12
DUMB_Wafffles
4:28 Loom
13:59 Feudal Age
17:30 Castle Age
16:21 Double-Bit Axe
18:39 Bow Saw
19:44 Fletching
MZTK I Kazoo
8:34 Loom
11:36 Feudal Age
16:36 Fletching
24:44 Double-Bit Axe
25:54 Padded Archer Armor
26:40 Bloodlines
29:36 Castle Age
29:31 Horse Collar
29:43 Gold Mining
29:41 Crossbowman
30:17 Bodkin Arrow
30:47 Bow Saw
31:23 Bloodlines
32:42 Wheelbarrow
32:42 Husbandry
33:05 Leather Archer Armor
DUMB_Gumbie
9:51 Loom
12:24 Feudal Age
16:39 Town Watch
19:53 Fletching
21:13 Wheelbarrow
30:48 Castle Age
lilzombieross
5:06 Loom
12:12 Feudal Age
17:01 Feudal Age
17:34 Double-Bit Axe
20:40 Fletching
23:26 Castle Age
23:31 Crossbowman
24:17 Thumb Ring
24:10 Bodkin Arrow
26:11 Ballistics
32:21 Padded Archer Armor
32:28 Husbandry
33:23 Leather Archer Armor
33:30 Bloodlines
Liquid Lead
8:47 Loom
11:03 Feudal Age
11:35 Town Watch
11:46 Double-Bit Axe
13:27 Fletching
17:13 Man-at-Arms
28:42 Scale Mail Armor
CAXCAN
9:32 Loom
13:04 Feudal Age
13:22 Man-at-Arms
20:40 Wheelbarrow
26:11 Castle Age
25:16 Forging
25:07 Scale Mail Armor
25:59 Scale Barding Armor
27:45 Iron Casting
27:39 Light Cavalry
VX | El Venenudo
13:20 Feudal Age
14:22 Double-Bit Axe
17:00 Castle Age
16:03 Fletching
16:55 Padded Archer Armor
17:40 Bodkin Arrow
20:51 Loom
ME_DEPRIME_JUGAR_CON_USTEDES
9:07 Loom
21:02 Feudal Age
26:20 Castle Age
24:36 Double-Bit Axe
Connection lost

Rejoining the realm…

Still unreachable

The connection could not be restored.

Session expired

The server has moved on; the page needs a fresh start.